 Dungeon Crawl Stone Soup version 0.23.2-1-ga50397a6bc (webtiles) character file.

Game seed: 3069826530464125956

109 Mrkan the Ruffian (level 4, 0/44 HPs)
             Began as a Troll Monk on May 18, 2019.
             Slain by a gnoll
             ... wielding a +0 spear
              (4 damage)
             ... on level 2 of the Dungeon.
             The game lasted 00:02:23 (825 turns).

Mrkan the Ruffian (Troll Monk)                       Turns: 825, Time: 00:02:23

Health: 0/44       AC:  6    Str: 19    XL:     4   Next: 60%
Magic:  3/3        EV: 11    Int:  7    God:
Gold:   80         SH:  0    Dex: 12    Spells: 3/3 levels left

rFire    . . .     SeeInvis .     - Unarmed
rCold    . . .     Gourm    +   (no shield)
rNeg     . . .     Faith    .   a - +0 robe
rPois    .         Spirit   .   (helmet restricted)
rElec    .         Reflect  .   (no cloak)
rCorr    .         Harm     .   (gloves unavailable)
MR       .....                  (boots unavailable)
Stlth    ++........             (no amulet)
HPRegen  0.54/turn              (no ring)
MPRegen  0.08/turn              (no ring)

@: slowed, very slow
A: large, unfitting armour, claws 3, fast metabolism 3, gourmand, regeneration
1, shaggy fur 1, tough skin 3
a: no special abilities


You were on level 2 of the Dungeon.
You were hungry.

You visited 1 branch of the dungeon, and saw 2 of its levels.

You collected 80 gold pieces.

Inventory:

Armour
 a - a +0 robe (worn)
Jewellery
 e - an uncursed amulet of faith {unknown}
Scrolls
 c - 3 scrolls of identify {unknown}
Potions
 d - a potion of might {unknown}
 f - a potion of ambrosia {unknown}
Comestibles
 b - 5 rations


   Skills:
 + Level 2.8 Fighting
 + Level 3.0 Dodging
 + Level 1.2 Stealth
 + Level 4.3 Unarmed Combat


You had 3 spell levels left.
You didn't know any spells.
Your spell library was empty.

Dungeon Overview and Level Annotations

Branches:
Dungeon (2/15)

Altars:

Annotations:
D:2 Natasha


Innate Abilities, Weirdness & Mutations

You are too large for most types of armour.
You have claws for hands.
Your metabolism is lightning-fast.
You like to eat raw meat.
Your natural rate of healing is unusually fast.
You are covered in fur. (AC +1)
You have extremely tough skin. (AC +3)


Message History

* * * LOW HITPOINT WARNING * * *
You claw the gnoll shaman!
You kill the gnoll shaman!
The gnoll misses you.
Natasha, Servant of Life and Death comes into view.
She is carrying a wand of random effects (17).
Natasha hisses angrily.
Natasha casts a spell at you.
You feel yourself slow down. Natasha casts a spell at you.
The magic dart hits you.
* * * LOW HITPOINT WARNING * * *
The gnoll hits you with a +0 club.
* * * LOW HITPOINT WARNING * * *
The gnoll hits you from afar with a +0 halberd!
* * * LOW HITPOINT WARNING * * *
The gnoll closely misses you. x2
The gnoll hits you but does no damage. Natasha closely misses you.
The gnoll closely misses you.
The gnoll hits you from afar with a +0 spear.
You die...

#.###.####.#.# #.###.#
#.#.# #.....# #.#.#
#######
############.#.###w......
..........(.....)).......
...........>..w###.......
#.######..#g..## .......
.. #..gg#.# .......
##.#.@#...# g......
#....h....# g......
##........# .......
#.#..#...# #######
...#......# ######.##..#
.........## .........†#
..###.###..##


You could see a worm, Natasha and 3 gnolls.

Vanquished Creatures
  A gnoll shaman (D:2)
  Natasha (D:2)
  2 gnolls (D:2)
  An ooze (D:1)
  7 bats
  2 giant cockroaches (D:1)
  4 goblins (D:1)
  2 hobgoblins (D:1)
  2 jackals (D:1)
  5 kobolds (D:1)
  7 rats
34 creatures vanquished.

Notes
Turn   | Place    | Note
-------+----------+-------------------------------------------
     0 | D:1      | Mrkan the Troll Monk began the quest for the Orb.
     0 | D:1      | Reached XP level 1. HP: 22/22 MP: 0/0
   161 | D:1      | Reached XP level 2. HP: 29/29 MP: 1/1
   427 | D:1      | Reached XP level 3. HP: 36/36 MP: 2/2
   644 | D:2      | Noticed Natasha
   652 | D:2      | Killed Natasha
   807 | D:2      | Reached XP level 4. HP: 35/44 MP: 3/3
   810 | D:2      | Reached skill level 4 in Unarmed Combat
   819 | D:2      | Noticed Natasha
   822 | D:2      | HP: 1/44 [gnoll/+0 halberd (8)]
   825 | D:2      | Slain by a gnoll

Skill      XL: |  1  2  3  4 |
---------------+-------------+-----
Dodging        | 3 |  3.0
Unarmed Combat | 4 |  4.3
Fighting       | |  2.8
Stealth        | |  1.2

Action                   |  1- 3 |  4- 6 || total
-------------------------+-------+-------++-------
Melee: Unarmed           |    77 |     7 ||    84
 Stab: Sleeping          |     1 |       ||     1
  Eat: Chunk             |     4 |       ||     4
Armor: Robe              |    38 |     2 ||    40
Dodge: Dodged            |    43 |     7 ||    50
